 Dungeon Crawl Stone Soup version 0.30.1-1-g62c8e00024 (webtiles) character file.

Game seed: 15431423836066997259

200 CrazyBamboolord the Chiller (level 5, -2/38 HPs)
             Began as a Barachi Ice Elementalist on July 17, 2023.
             Killed by nerve-wracking pain
             ... invoked by an orc priest
              (13 damage)
             ... on level 4 of the Dungeon.
             The game lasted 00:06:51 (2488 turns).

CrazyBamboolord the Chiller (BaIE)                  Turns: 2488, Time: 00:06:51

Health: -2/38      AC:  5    Str:  9    XL:     5   Next: 79%
Magic:  6/10       EV: 12    Int: 24    God:
Gold:   177        SH:  0    Dex: 12    Spells: 0/11 levels left

rFire   . . .        l - +8 flail "ETAOIN SHRDLU" {holy, rC+}
rCold   + . .        (no shield)
rNeg    . . .        a - +0 robe
rPois   .            m - +0 helmet "Voreen" {Will+}
rElec   .            v - scarf {shadows}
rCorr   +            e - +1 pair of gloves
SInv    .            (no boots)
Will    .....        (no amulet)
Stlth   ++           w - +6 ring of intelligence
HPRegen 0.26/turn    n - ring of resist corrosion
MPRegen 0.12/turn

%: no passive effects
@: weak-willed, slow
A: amphibious, slowness 1, strong legs 1, +LOS
a: Hop


You were on level 4 of the Dungeon.
You visited 1 branch of the dungeon, and saw 4 of its levels.

You collected 177 gold pieces.

Inventory:

Hand Weapons
 l - the +8 flail "ETAOIN SHRDLU" (weapon) {holy, rC+}
   (You found it on level 2 of the Dungeon)

   rC:        It protects you from cold.
Armour
 a - a +0 robe (worn)
 e - a +1 pair of gloves (worn)
 m - the +0 helmet "Voreen" (worn) {Will+}
   (You found it on level 2 of the Dungeon)

   Will:      It increases your willpower.
 v - a scarf of shadows (worn)
Jewellery
 g - a ring of willpower
 n - a ring of resist corrosion (right hand)
 w - a +6 ring of intelligence (left hand)
Scrolls
 j - a scroll of noise
 k - 2 scrolls of enchant weapon
 s - a scroll of torment
 u - a scroll of poison
Potions
 b - a potion of magic
 c - 3 potions of resistance {unknown}
 d - 2 potions of berserk rage {unknown}
 f - 4 potions of curing
 h - a potion of lignification {unknown}
 i - a potion of mutation {unknown}
 p - a potion of flight {unknown}
 q - 3 potions of might {unknown}
 t - a potion of degeneration {unknown}
 x - a potion of brilliance {unknown}


   Skills:
 * Level 1.6 Fighting
 - Level 0.3 Maces & Flails
 * Level 3.0 Dodging
 * Level 2.3 Stealth
 * Level 3.7 Spellcasting
 * Level 0.2 Summonings
 * Level 6.2 Ice Magic


You couldn't memorise any spells.
You knew the following spells:

 Your Spells              Type           Power      Damage    Failure   Level
a - Freeze                Ice            100%       1d10      1%          1
b - Frozen Ramparts       Ice            68%        1d11      2%          3
c - Ozocubu's Armour      Ice            34%        N/A       2%          3
d - Summon Ice Beast      Ice/Summ       19%        N/A       26%         4

Your spell library contained the following spells:

 Spells                   Type           Power      Damage    Failure   Level


Dungeon Overview and Level Annotations

Branches:
Dungeon (4/15)             Temple (0/1) D:4

Altars:


Innate Abilities, Weirdness & Mutations

You are amphibious.
You cover ground slowly.
You can hop short distances.
You have an extended range of vision and can be seen from far away.


Message History

Aim: an orc wizard, wielding a +0 dagger and wearing a +0 robe You freeze the orc wizard.
The orc wizard is moderately wounded.
The orc wizard casts a spell at you.
The puff of flame hits you but does no damage.
The orc priest calls down the wrath of Beogh upon you.
Beogh smites you!
Aiming: Freeze (safe; 1% risk of failure)
Press: ? - help, Q - select action, (/) - cycle Shift-Dir - straight line, f/p - orc wizard
Aim: an orc wizard, wielding a +0 dagger and wearing a +0 robe (moderately wounded)
You freeze the orc wizard!
You kill the orc wizard!
An orc comes into view. It is wielding a +0 club.
The orc priest calls down the wrath of Beogh upon you.
Beogh smites you!
The orc shouts!
Your Dodging skill increases to level 3!
Aiming: Freeze (safe; 1% risk of failure)
Press: ? - help, Q - select action, (/) - cycle Shift-Dir - straight line, f - you
Okay, then.
The orc priest invokes the aid of Beogh against you.
Pain shoots through your body!
* * * LOW HITPOINT WARNING * * *
Things that are here:
a +0 dagger; a +0 robe The orc priest closely misses you.
Aiming: Freeze (safe; 1% risk of failure)
Press: ? - help, Q - select action, (/) - cycle Shift-Dir - straight line, f - orc priest
Aim: an orc priest, wielding a +0 whip You freeze the orc priest!
The orc priest is severely wounded.
Unknown command.
Aiming: Freeze (safe; 1% risk of failure)
Press: ? - help, Q - select action, (/) - cycle Shift-Dir - straight line, f/p - orc priest
Aim: an orc priest, wielding a +0 whip (severely wounded)
You freeze the orc priest.
The orc priest is almost dead.
The orc priest calls down the wrath of Beogh upon you.
Pain shoots through your body!
You die...

### ####.+#
#..#######.....#
..........†...#.#
.≈≈.≈≈......#.#.#
≈≈≈.≈≈≈≈.)......#
≈≈≈.≈≈≈≈≈≈@o..###
≈≈≈.≈≈≈≈≈≈≈o###
≈≈...≈≈≈≈≈≈.#
≈≈.>.≈≈≈≈≈≈o#
≈≈...≈≈≈≈≈≈..
≈≈≈≈≈≈≈≈≈..##
≈≈≈≈≈≈....#
≈≈≈......#


You could see an orc priest and 2 orcs.

Vanquished Creatures
  An orc wizard (D:4)
  3 gnolls (D:3)
  5 adders
  A worm (D:3)
  10 dart slugs
  An orc (D:3)
  8 ball pythons
  4 bats
  6 endoplasms
  2 giant cockroaches
  8 goblins
  2 hobgoblins (D:3)
  8 jackals
  5 quokkas
  4 frilled lizards
  5 kobolds
  4 rats
77 creatures vanquished.

Notes
Turn   | Place    | Note
-------+----------+-------------------------------------------
     0 | D:1      | CrazyBamboolord the Barachi Ice Elementalist began the
                  | quest for the Orb.
     0 | D:1      | Reached XP level 1. HP: 13/13 MP: 3/3
    59 | D:1      | Reached skill level 5 in Ice Magic
   157 | D:1      | Reached XP level 2. HP: 19/19 MP: 0/5
   672 | D:1      | Reached XP level 3. HP: 23/25 MP: 3/6
   676 | D:1      | Learned a level 3 spell: Frozen Ramparts
   851 | D:2      | Found a faded altar of an unknown god.
   932 | D:2      | Reached skill level 1 in Fighting
   969 | D:2      | Reached XP level 4. HP: 18/32 MP: 0/8
  1081 | D:2      | Identified the +8 flail "ETAOIN SHRDLU" {holy, rC+}
  1089 | D:2      | Identified the +0 helmet "Voreen" {Will+}
  1101 | D:2      | Learned a level 3 spell: Ozocubu's Armour
  1611 | D:3      | Reached XP level 5. HP: 37/37 MP: 2/9
  1749 | D:3      | Reached skill level 6 in Ice Magic
  2266 | D:3      | Learned a level 4 spell: Summon Ice Beast
  2470 | D:4      | Found a staircase to the Ecumenical Temple.
  2488 | D:4      | Killed from afar by an orc priest

Illustrated notes

Levels and vault maps discovered:
D:1:      mrwooster_arrival_arrow, layout_rooms, hangedman_feature_mirror
D:2:      layout_rooms, basic_ecumenical_altar
D:3:      kennysheep_slugbush, layout_basic
D:4:      layout_loops_ring, nicolae_overflow_quartered_altars, temple_pool_b,
          gup_sewer_entry_bowl, chequers_hall_statues_wall_a

Skill      XL: |  1  2  3  4  5 |
---------------+----------------+-----
Ice Magic      | 5 6 |  6.2
Stealth        | 2 |  2.3
Fighting       | 1 |  1.6
Spellcasting   | 3 |  3.7
Dodging        | 3 |  3.0
Maces & Flails | |  0.3
Summonings     | |  0.2

Action                     |  1- 3 |  4- 6 || total
---------------------------+-------+-------++-------
  Melee: Unarmed           |    39 |     4 ||    43
         Punch             |     1 |       ||     1
         Flail             |       |    20 ||    20
   Cast: Freeze            |    49 |    65 ||   114
Ability: Hop               |     1 |     1 ||     2
    Use: Scroll            |       |     6 ||     6
         Potion            |       |     2 ||     2
 Armour: Robe              |    24 |    32 ||    56
  Dodge: Dodged            |    64 |    75 ||   139
